SAA
BILOXI SHUCKERS @ ATLANTIC CITY SONICS
08/24/2042
 
TOP OF THE 1ST
Biloxi Shuckers batting - Pitching for Atlantic City Sonics : LHP Pepe Fontirroig
Pitching: LHP Pepe Fontirroig
Batting: RHB Joselito Amengual 0-0: Called Strike
0-1: Foul Ball, location: 2F
0-2: Ground out U3 (Groundball, 3S, EV 82.5 MPH)
Batting: RHB Benigno Bachelay 0-0: Called Strike
0-1: Ball
1-1: Fly out, F4 (Line Drive, 4, EV 70.0 MPH)
Batting: RHB Habib Othman 0-0: Ball
1-0: Foul Ball, location: 2F
1-1: Ball
2-1: Ball
3-1: Base on Balls
Batting: RHB Randy Moore 0-0: Ball
1-0: Foul Ball, location: 2F
1-1: Called Strike
1-2: Ball
2-2: Strikes out swinging
Top of the 1st over - 0 runs, 0 hits, 0 errors, 1 left on base; Biloxi 0 - Atlantic City 0
BOTTOM OF THE 1ST
Atlantic City Sonics batting - Pitching for Biloxi Shuckers : LHP Morgan Novak
Pitching: LHP Morgan Novak
Batting: RHB Jaime López 0-0: Ball
1-0: Foul Ball, location: 2F
1-1: Foul Ball, location: 2F
1-2: Ball
2-2: Ball
3-2: Foul Ball, location: 2F
3-2: Base on Balls
Batting: RHB Román Ramírez 0-0: Fly out, F6 (Popup, 6M, EV 51.9 MPH)
Batting: RHB Luis Rodríguez 0-0: Grounds into double play, 1-6-3 (Groundball, 13, EV 71.9 MPH)
Bottom of the 1st over - 0 runs, 0 hits, 0 errors, 0 left on base; Biloxi 0 - Atlantic City 0
TOP OF THE 2ND
Biloxi Shuckers batting - Pitching for Atlantic City Sonics : LHP Pepe Fontirroig
Batting: RHB Guan-xiu Long 0-0: Swinging Strike
0-1: Foul Ball, location: 2F
0-2: Foul Ball, location: 2F
0-2: Strikes out swinging
Batting: RHB Raúl Yánez 0-0: Swinging Strike
0-1: Ball
1-1: Ball
2-1: Ground out 6-3 (Groundball, 56, EV 81.2 MPH)
Batting: RHB Rickard Busald 0-0: Foul Ball, location: 2F
0-1: Ground out 3-1 (Groundball, 3S, EV 86.9 MPH)
Top of the 2nd over - 0 runs, 0 hits, 0 errors, 0 left on base; Biloxi 0 - Atlantic City 0
BOTTOM OF THE 2ND
Atlantic City Sonics batting - Pitching for Biloxi Shuckers : LHP Morgan Novak
Batting: RHB Raffaello Dichio 0-0: Ball
1-0: Called Strike
1-1: Foul Ball, location: 2F
1-2: Strikes out swinging
Batting: RHB Garm van Opdorp 0-0: Ball
1-0: Fly out, F9 (Flyball, 9S, EV 83.8 MPH)
Batting: RHB Denis Perrin 0-0: Fly out, F9 (Flyball, 89D, EV 99.4 MPH)
Bottom of the 2nd over - 0 runs, 0 hits, 0 errors, 0 left on base; Biloxi 0 - Atlantic City 0
TOP OF THE 3RD
Biloxi Shuckers batting - Pitching for Atlantic City Sonics : LHP Pepe Fontirroig
Batting: RHB Emílio Vivas 0-0: Swinging Strike
0-1: Ground out 6-3 (Groundball, 6, EV 110.0 MPH)
Batting: RHB Pablo Morterero 0-0: Foul Ball, location: 2F
0-1: Ball
1-1: Called Strike
1-2: Fly out, F9 (Flyball, 89D, EV 98.1 MPH)
Batting: RHB Joselito Amengual 0-0: Ball
1-0: Ball
2-0: Fly out, F9 (Line Drive, 9, EV 85.0 MPH)
Top of the 3rd over - 0 runs, 0 hits, 0 errors, 0 left on base; Biloxi 0 - Atlantic City 0
BOTTOM OF THE 3RD
Atlantic City Sonics batting - Pitching for Biloxi Shuckers : LHP Morgan Novak
Batting: LHB Luis Ortíz 0-0: Called Strike
0-1: Ball
1-1: Fly out, F8 (Flyball, 78D, EV 78.1 MPH)
Batting: RHB Abhipala Srivastav 0-0: Ball
1-0: Called Strike
1-1: Ball
2-1: Ground out U3 (Groundball, 34, EV 103.8 MPH)
Batting: LHB Jorge Quilez 0-0: Ball
1-0: Fly out, F4 (Popup, 4, EV 73.1 MPH)
Bottom of the 3rd over - 0 runs, 0 hits, 0 errors, 0 left on base; Biloxi 0 - Atlantic City 0
TOP OF THE 4TH
Biloxi Shuckers batting - Pitching for Atlantic City Sonics : LHP Pepe Fontirroig
Batting: RHB Benigno Bachelay 0-0: Ground out 6-3 (Groundball, 6, EV 85.6 MPH)
Batting: RHB Habib Othman 0-0: Ball
1-0: Ball
2-0: Ground out 5-3 (Groundball, 56S, EV 71.2 MPH)
Batting: RHB Randy Moore 0-0: Foul Ball, location: 2F
0-1: DOUBLE (Line Drive, 5D, EV 95.6 MPH)
Batting: RHB Guan-xiu Long 0-0: Ball
1-0: Fly out, F6 (Line Drive, 6, EV 65.6 MPH)
Top of the 4th over - 0 runs, 1 hit, 0 errors, 1 left on base; Biloxi 0 - Atlantic City 0
BOTTOM OF THE 4TH
Atlantic City Sonics batting - Pitching for Biloxi Shuckers : LHP Morgan Novak
Batting: RHB Jaime López 0-0: Ball
1-0: Ball
2-0: Foul Ball, location: 2F
2-1: Swinging Strike
2-2: Foul Ball, location: 2F
2-2: Ball
3-2: Base on Balls
Batting: RHB Román Ramírez 0-0: Fielders Choice at 2nd, 3-6 (Groundball, 34, EV 85.6 MPH)
Batting: RHB Luis Rodríguez 0-0: Fly out, F3 (Popup, 3F, EV 66.9 MPH)
Batting: RHB Raffaello Dichio 0-0: Called Strike
0-1: Ball
1-1: Ball
2-1: Called Strike
2-2: Foul Ball, location: 2F
2-2: Foul Ball, location: 2F
2-2: Ball
3-2: Base on Balls
Román Ramírez to second
Batting: RHB Garm van Opdorp 0-0: Ball
1-0: Called Strike
1-1: Foul Ball, location: 2F
1-2: Strikes out swinging
Bottom of the 4th over - 0 runs, 0 hits, 0 errors, 2 left on base; Biloxi 0 - Atlantic City 0
TOP OF THE 5TH
Biloxi Shuckers batting - Pitching for Atlantic City Sonics : LHP Pepe Fontirroig
Batting: RHB Raúl Yánez 0-0: Swinging Strike
0-1: Called Strike
0-2: Foul Ball, location: 2F
0-2: Foul Ball, location: 2F
0-2: SINGLE (Groundball, 34D, EV 99.4 MPH)
Batting: RHB Rickard Busald 0-0: Ball
1-0: SINGLE (Groundball, 6MD, EV 95.6 MPH)
Raúl Yánez to second
Runner from 2nd tries for 3rd, OUT! 8-5
Batting: RHB Emílio Vivas 0-0: Called Strike
0-1: Ball
1-1: Ball
2-1: Foul Ball, location: 2F
2-2: Strikes out looking
Batting: RHB Pablo Morterero 0-0: Swinging Strike
0-1: Swinging Strike
0-2: Ball
1-2: Ball
2-2: Fielders Choice at 2nd, 5-4 (Groundball, 56, EV 80.6 MPH)
Top of the 5th over - 0 runs, 2 hits, 0 errors, 1 left on base; Biloxi 0 - Atlantic City 0
BOTTOM OF THE 5TH
Atlantic City Sonics batting - Pitching for Biloxi Shuckers : LHP Morgan Novak
Batting: RHB Denis Perrin 0-0: Ball
1-0: Ball
2-0: Ball
3-0: Called Strike
3-1: Ground out 1-3 (Groundball, 34S, EV 63.8 MPH)
Batting: LHB Luis Ortíz 0-0: Foul Ball, location: 2F
0-1: Ball
1-1: Foul Ball, location: 2F
1-2: Ground out U3 (Groundball, 3, EV 85.6 MPH)
Batting: RHB Abhipala Srivastav 0-0: Ball
1-0: Called Strike
1-1: Ground out 6-3 (Groundball, 6D, EV 91.9 MPH)
Bottom of the 5th over - 0 runs, 0 hits, 0 errors, 0 left on base; Biloxi 0 - Atlantic City 0
TOP OF THE 6TH
Biloxi Shuckers batting - Pitching for Atlantic City Sonics : LHP Pepe Fontirroig
Batting: RHB Joselito Amengual 0-0: Called Strike
0-1: Swinging Strike
0-2: Ball
1-2: Strikes out looking
Batting: RHB Benigno Bachelay 0-0: Called Strike
0-1: Foul Ball, location: 2F
0-2: Foul Ball, location: 2F
0-2: Strikes out swinging
Batting: RHB Habib Othman 0-0: Foul Ball, location: 2F
0-1: Called Strike
0-2: Strikes out swinging
Top of the 6th over - 0 runs, 0 hits, 0 errors, 0 left on base; Biloxi 0 - Atlantic City 0
BOTTOM OF THE 6TH
Atlantic City Sonics batting - Pitching for Biloxi Shuckers : LHP Morgan Novak
Batting: LHB Jorge Quilez 0-0: Ground out 6-3 (Groundball, 56, EV 93.1 MPH)
Batting: RHB Jaime López 0-0: Ball
1-0: Ball
2-0: Ball
3-0: Called Strike
3-1: Base on Balls
Batting: RHB Román Ramírez 0-0: Ball
1-0: TRIPLE (Flyball, 78XD, EV 88.8 MPH)
Jaime López scores
Batting: RHB Luis Rodríguez 0-0: Called Strike
0-1: Fly out, F4 (Popup, 4, EV 56.9 MPH)
Batting: RHB Raffaello Dichio 0-0: Called Strike
0-1: Ball
Wild Pitch!
Román Ramírez scores
1-1: Fly out, F9 (Flyball, 89S, EV 81.2 MPH)
Bottom of the 6th over - 2 runs, 1 hit, 0 errors, 0 left on base; Biloxi 0 - Atlantic City 2
TOP OF THE 7TH
Biloxi Shuckers batting - Pitching for Atlantic City Sonics : LHP Pepe Fontirroig
Batting: RHB Randy Moore 0-0: Called Strike
0-1: Ball
1-1: Ball
2-1: Ball
3-1: Foul Ball, location: 2F
3-2: Foul Ball, location: 2F
3-2: Foul Ball, location: 2F
3-2: Foul Ball, location: 2F
3-2: Strikes out swinging
Batting: RHB Guan-xiu Long 0-0: Called Strike
0-1: Ball
1-1: Fly out, F8 (Flyball, 8RD, EV 85.6 MPH)
Batting: RHB Raúl Yánez 0-0: Ball
1-0: Called Strike
1-1: SINGLE (Line Drive, 89M, EV 93.1 MPH)
Batting: RHB Rickard Busald 0-0: Foul Ball, location: 2F
0-1: Ball
1-1: Foul Ball, location: 2F
1-2: Fly out, F9 (Line Drive, 9, EV 97.5 MPH)
Top of the 7th over - 0 runs, 1 hit, 0 errors, 1 left on base; Biloxi 0 - Atlantic City 2
BOTTOM OF THE 7TH
Atlantic City Sonics batting - Pitching for Biloxi Shuckers : LHP Morgan Novak
Batting: RHB Garm van Opdorp 0-0: Ball
1-0: Ball
2-0: Called Strike
2-1: Called Strike
2-2: Ground out 5-3 (Groundball, 56, EV 104.4 MPH)
Batting: RHB Denis Perrin 0-0: Called Strike
0-1: Ground out 5-3 (Groundball, 56S, EV 89.4 MPH)
Batting: LHB Luis Ortíz 0-0: Fly out, F7 (Flyball, 7D, EV 106.9 MPH)
Bottom of the 7th over - 0 runs, 0 hits, 0 errors, 0 left on base; Biloxi 0 - Atlantic City 2
TOP OF THE 8TH
Biloxi Shuckers batting - Pitching for Atlantic City Sonics : LHP Pepe Fontirroig
Batting: RHB Emílio Vivas 0-0: Ball
1-0: Fly out, F9 (Line Drive, 9, EV 108.8 MPH)
Batting: RHB Pablo Morterero 0-0: Called Strike
0-1: Foul Ball, location: 2F
0-2: Foul Ball, location: 2F
0-2: Strikes out looking
Batting: RHB Joselito Amengual 0-0: Ball
1-0: Ball
2-0: Called Strike
2-1: Ball
3-1: Base on Balls
Batting: RHB Benigno Bachelay 0-0: Ball
1-0: Ground out 4-3 (Groundball, 34, EV 80.0 MPH)
Top of the 8th over - 0 runs, 0 hits, 0 errors, 1 left on base; Biloxi 0 - Atlantic City 2
BOTTOM OF THE 8TH
Atlantic City Sonics batting - Pitching for Biloxi Shuckers : LHP Morgan Novak
Batting: RHB Abhipala Srivastav 0-0: Fly out, F9 (Flyball, 89M, EV 95.6 MPH)
Batting: LHB Jorge Quilez 0-0: Swinging Strike
0-1: Ball
1-1: Ball
2-1: Foul Ball, location: 2F
2-2: Strikes out swinging
Batting: RHB Jaime López 0-0: SINGLE (Groundball, 56D, EV 110.6 MPH)
Batting: RHB Román Ramírez 0-0: Ball
1-0: Ball
2-0: Called Strike
2-1: Swinging Strike
2-2: Ball
3-2: Foul Ball, location: 2F
3-2: Fly out, F6 (Popup, 6MS, EV 76.2 MPH)
Bottom of the 8th over - 0 runs, 1 hit, 0 errors, 1 left on base; Biloxi 0 - Atlantic City 2
TOP OF THE 9TH
Biloxi Shuckers batting - Pitching for Atlantic City Sonics : LHP Pepe Fontirroig
Pitching: LHP Fernando Mora
Batting: RHB Habib Othman 0-0: Foul Ball, location: 2F
0-1: DOUBLE (Groundball, 5L, EV 103.1 MPH)
Batting: RHB Randy Moore 0-0: Ball
1-0: Ball
2-0: Called Strike
2-1: Fly out, F8 (Line Drive, 8RM, EV 87.5 MPH)
Batting: RHB Guan-xiu Long 0-0: Called Strike
0-1: Ball
1-1: Foul Ball, location: 2F
1-2: Ball
2-2: Strikes out swinging
Batting: RHB Raúl Yánez 0-0: Ball
1-0: SINGLE (Groundball, 56, EV 100.6 MPH) (infield hit)
Habib Othman to third
Batting: RHB Rickard Busald 0-0: Called Strike
0-1: Called Strike
0-2: Ball
1-2: Ball
2-2: Ball
3-2: Foul Ball, location: 2F
3-2: Foul Ball, location: 2F
3-2: Fly out, F9 (Flyball, 9D, EV 89.4 MPH)
Top of the 9th over - 0 runs, 2 hits, 0 errors, 2 left on base; Biloxi 0 - Atlantic City 2
Friday, March 26th, 2021 - OOTP Baseball 20.8 Build 74